 Dungeon Crawl Stone Soup version 0.30-a0-879-ga8ba668304 (webtiles) character file.

Game seed: 15494302481823845867

494240 jlumianski the End of an Era (level 23, -7/200 HPs)
             Began as a Demonspawn Fighter on Feb 26, 2023.
             Was the Champion of Qazlal.
             Succumbed to Tiamat's poison
             ... on level 4 of the Depths on Mar 12, 2023.
             The game lasted 05:11:36 (47180 turns).

jlumianski the End of an Era (Demonspawn Fighter)  Turns: 47180, Time: 05:11:37

Health: -7/200     AC: 43    Str: 25    XL:     23   Next: 64%
Magic:  38/38      EV: 12    Int:  7    God:    Qazlal [******]
Gold:   1196       SH: 20    Dex: 19    Spells: 22/22 levels left

rFire   . . .      SeeInvis .    K - +9 broad axe (elec)
rCold   . . .      Faith    .    l - +2 buckler of Hed Vovof {Regen+ Dex+4}
rNeg    . . .      Spirit   .    P - +18 Lear's hauberk
rPois   .          Reflect  .    (helmet currently unavailable)
rElec   .          Rampage  .    (cloak unavailable)
rCorr   .          Rage     50%  (gloves currently unavailable)
Will    +++..                    (boots currently unavailable) Stlth
                                 D - necklace of Bloodlust {Fury *Rage Will++ Int-3 Slay+6}
HPRegen 3.33/turn                x - +4 ring of slaying
MPRegen 0.26/turn                Q - +4 ring of slaying

@: lethally poisoned (-7 -> -39), protected from physical damage, sanguine
armoured, studying Staves, repel missiles
A: powered by death 3, spiny 2, augmentation 2, sanguine armour 2, weakness
stinger 3
}: 3/15 runes: decaying, silver, gossamer
a: Renounce Religion, Upheaval, Elemental Force, Disaster Area


You were on level 4 of the Depths.
You worshipped Qazlal.
Qazlal was exalted by your worship.
You visited 9 branches of the dungeon, and saw 43 of its levels.
You also visited: Bailey and Volcano.

You collected 9974 gold pieces.
You spent 8778 gold pieces at shops.

Inventory:

Hand Weapons
 n - a +6 eveningstar
 K - a +9 broad axe of electrocution (weapon)
Missiles
 s - 5 throwing nets
 t - 16 javelins
 E - 11 atropa-tipped darts
 R - 19 boomerangs (quivered)
Armour
 l - the +2 buckler of Hed Vovof (worn) {Regen+ Dex+4}
   (You acquired it on level 4 of the Dungeon)

   Dex:       It affects your dexterity (+4).
   Regen:     It increases your rate of health regeneration.
 P - the +18 Lear's hauberk (worn)
   (You found it on level 9 of the Dungeon)
Jewellery
 c - the ring of Ehiur {Fly Stlth+}
   (You bought it in a shop on level 4 of the Depths)

   [ring of flight]

   Fly:       It grants you flight.
   Stlth:     It makes you more stealthy.
 i - the ring of Truth {rPois rC+ Will+ Int+3 SInv}
   (You bought it in a shop on level 4 of the Depths)

   [ring of poison resistance]

   Int:       It affects your intelligence (+3).
   rC:        It protects you from cold.
   rPois:     It protects you from poison.
   SInv:      It lets you see invisible.
   Will:      It increases your willpower.
 x - a +4 ring of slaying (left hand)
 D - the necklace of Bloodlust (around neck) {Fury *Rage Will++ Int-3 Slay+6}
   (You bought it in a shop on level 2 of the Orcish Mines)

   [amulet of nothing]

   Fury:      It extends the wearer's berserk rage when killing foes.
   Int:       It affects your intelligence (-3).
   Slay:      It affects your accuracy & damage with ranged weapons and melee
   (+6).
   *Rage:     It berserks you when you make melee attacks (+50% chance).
   Will:      It greatly increases your willpower.
 Q - a +4 ring of slaying (right hand)
 V - the ring of Ru's Envy {rF++ rN+ Int+4 Dex-2}
   (You took it off a deep elf demonologist on level 3 of the Elven Halls)

   [ring of positive energy]

   Int:       It affects your intelligence (+4).
   Dex:       It affects your dexterity (-2).
   rF:        It greatly protects you from fire.
   rN:        It protects you from negative energy.
Wands
 H - a wand of iceblast (59)
 L - a wand of charming (29)
 N - a wand of acid (31)
 Y - a wand of digging (27)
Scrolls
 a - 2 scrolls of summoning
 e - 9 scrolls of blinking
 j - 5 scrolls of silence
 m - 12 scrolls of fog
 r - 8 scrolls of poison
 u - 14 scrolls of teleportation
 J - 2 scrolls of magic mapping
 M - 11 scrolls of fear
Potions
 d - 11 potions of might
 f - 12 potions of heal wounds
 k - 23 potions of curing
 p - 9 potions of flight
 w - 4 potions of cancellation
 F - 5 potions of resistance
 G - 4 potions of invisibility
 U - 9 potions of haste
Miscellaneous
 q - a phantom mirror (inert)
 z - a tin of tremorstones (2/2)
 B - a lightning rod (4/4)
 C - a condenser vane


   Skills:
 * Level 21.1 Fighting
 + Level 2.5 Long Blades
 - Level 18.1(18.2) Axes
 + Level 3.1(12.2) Maces & Flails
 + Level 2.0 Throwing
 + Level 13.9 Armour
 - Level 6.6 Dodging
 - Level 0.6 Stealth
 + Level 20.5 Shields
 * Level 22.6 Invocations
 * Level 15.5 Evocations


You had 22 spell levels left.
You didn't know any spells.
Your spell library contained the following spells:

 Spells                   Type           Power      Damage    Failure   Level
 Foxfire                  Conj/Fire      0%         2x1d4     91%         1
 Freeze                   Ice            0%         1d3       91%         1
 Necrotise                Necr           0%         1d4       91%         1
 Sandblast                Erth           0%         2d4       91%         1
 Sting                    Tmut/Pois      0%         1d3       91%         1
 Summon Small Mammal      Summ           0%         N/A       91%         1
 Blink                    Tloc           0%         N/A       97%         2
 Ensorcelled Hibernation  Hex/Ice        0%         N/A       97%         2
 Lesser Beckoning         Tloc           0%         N/A       97%         2
 Momentum Strike          Conj/Tloc      0%         3d8       97%         2
 Passwall                 Tmut/Erth      0%         N/A       97%         2
 Poisonous Vapours        Pois/Air       0%         N/A       97%         2
 Sublimation of Blood     Necr           0%         N/A       97%         2
 Wereblood                Tmut           0%         N/A       97%         2
 Call Canine Familiar     Summ           0%         N/A       99%         3
 Dazzling Flash           Conj/Hex       0%         N/A       99%         3
 Frozen Ramparts          Ice            0%         1d1       99%         3
 Gell's Gravitas          Tloc           0%         N/A       99%         3
 Hailstorm                Conj/Ice       0%         3d3       99%         3
 Ignite Poison            Fire/Tmut/Pois 0%         N/A       99%         3
 Kindle Blastsparks       Fire/Tloc/Air  0%         2d10      99%         3
 Ozocubu's Armour         Ice            0%         N/A       99%         3
 Spider Form              Tmut/Pois      0%         N/A       99%         3
 Stone Arrow              Conj/Erth      0%         3d7       99%         3
 Summon Guardian Golem    Hex/Summ       0%         N/A       99%         3
 Swiftness                Air            0%         N/A       99%         3
 Teleport Other           Tloc           0%         N/A       99%         3
 Vampiric Draining        Necr           0%         2d6       99%         3
 Vhi's Electric Charge    Tloc/Air       0%         N/A       99%         3
 Anguish                  Hex/Necr       0%         N/A       100%        4
 Animate Armour           Summ/Erth      0%         N/A       100%        4
 Fulminant Prism          Conj/Hex       0%         3d5       100%        4
 Ice Form                 Ice/Tmut       0%         N/A       100%        4
 Iskenderun's Mystic Bla  Conj/Tloc      0%         2d3       100%        4
 Leda's Liquefaction      Hex/Erth       0%         N/A       100%        4
 Manifold Assault         Tloc           0%         N/A       100%        4
 Olgreb's Toxic Radiance  Pois           0%         N/A       100%        4
 Passage of Golubria      Tloc           0%         N/A       100%        4
 Petrify                  Tmut/Erth      0%         N/A       100%        4
 Summon Ice Beast         Ice/Summ       0%         N/A       100%        4
 Summon Lightning Spire   Summ/Air       0%         N/A       100%        4
 Agony                    Necr           0%         N/A       100%        5
 Alistair's Intoxication  Tmut/Pois      0%         N/A       100%        5
 Arcjolt                  Conj/Air       0%         1d10      100%        5
 Borgnjor's Vile Clutch   Necr/Erth      0%         N/A       100%        5
 Fireball                 Conj/Fire      0%         3d3       100%        5
 Freezing Cloud           Conj/Ice/Air   0%         6-21      100%        5
 Irradiate                Conj/Tmut      0%         3d11      100%        5
 Iskenderun's Battlesphe  Conj           0%         2d6       100%        5
 Lee's Rapid Deconstruct  Erth           0%         3d4*      100%        5
 Metabolic Englaciation   Hex/Ice        0%         N/A       100%        5
 Silence                  Hex/Air        0%         N/A       100%        5
 Summon Forest            Summ/Tloc      0%         N/A       100%        5
 Summon Mana Viper        Hex/Summ       0%         N/A       100%        5
 Yara's Violent Unravell  Hex/Tmut       0%         3d3       100%        5
 Conjure Ball Lightning   Conj/Air       0%         3x3d6     100%        6
 Dispersal                Tloc           0%         N/A       100%        6
 Eringya's Noxious Bog    Tmut/Pois      0%         N/A       100%        6
 Simulacrum               Ice/Necr       0%         N/A       100%        6
 Starburst                Conj/Fire      0%         6d3       100%        6
 Statue Form              Tmut/Erth      0%         N/A       100%        6
 Summon Cactus Giant      Summ           0%         N/A       100%        6
 Enfeeble                 Hex            0%         N/A       100%        7
 Orb of Destruction       Conj           0%         9d5       100%        7
 Ozocubu's Refrigeration  Ice            0%         4d7       100%        7
 Spellforged Servitor     Conj/Summ      0%         N/A       100%        7
 Storm Form               Tmut/Air       0%         N/A       100%        7
 Summon Hydra             Summ           0%         N/A       100%        7
 Disjunction              Tloc           0%         N/A       100%        8
 Lehudib's Crystal Spear  Conj/Erth      0%         10d2      100%        8
 Maxwell's Capacitive Co  Air            0%         ∞         100%        8
 Shatter                  Erth           0%         3d5*      100%        9


Dungeon Overview and Level Annotations

Branches:
Dungeon (15/15)            Temple (0/1) D:7            Lair (5/5) D:10
  Swamp (4/4) Lair:2       Spider (4/4) Lair:2        Slime (0/5) Lair:5
    Orc (2/2) D:12            Elf (3/3) Orc:2        Vaults (5/5) D:14
  Crypt (0/3) Vaults:2     Depths (4/4) D:15            Zot (1/5) Depths:4
 Bailey (visited)         Volcano (visited)

Altars:
Ashenzari
Cheibriados
Gozag
Kikubaaqudgha
Makhleb
Okawaru
Qazlal
Sif Muna
Trog
Uskayaw
Vehumet
Wu Jian
Xom
Jiyva

Shops:
D:2 :   D:3 =   D:9 !   D:14 !   Orc:2 [?=?   Elf:2 (   Elf:3 [   Vaults:2 ?
Vaults:3 ?   Vaults:5 ??!   Depths:3 =!=   Depths:4 =::

Portals:
Hell: Depths:1 Depths:2 Depths:3 Depths:4
Abyss: Depths:2 Depths:3
Pandemonium: Depths:2
Ziggurat: Depths:3

Annotations:
D:3 2 transporters, STHMFLV's ghost, amateur DsEE
Depths:4 Tiamat


Innate Abilities, Weirdness & Mutations

You regenerate a lot of health from kills.
You are mostly covered in sharp spines.
Your magical and physical power is enhanced at high health.
When seriously injured, your blood forms thick armour. (AC +9)
You have a sharp stinger which inflicts weakening toxins.


Message History

Tiamat hits Tiamat with a +3 glaive of venom!
Tiamat closely misses Tiamat.
You hit Tiamat.
Tiamat is moderately wounded.
Tiamat closely misses you. You block Tiamat's attack.
Tiamat breathes dispelling energy at Tiamat.
The bolt of dispelling energy hits Tiamat!!
You feel much better. Tiamat hits you but does no damage.
You block Tiamat's attack.
Tiamat barely misses Tiamat.
Tiamat completely misses Tiamat.
You hit Tiamat but do no damage.
Tiamat is moderately wounded.
You slice Tiamat!!
Tiamat is heavily wounded.
You recover from your berserk rage.
Tiamat hits you with a +3 glaive of venom!!
You feel more protected from physical attacks.
You are poisoned.
You block Tiamat's attack.
Tiamat hits Tiamat but does no damage.
Tiamat is poisoned.
Tiamat misses Tiamat.
Tiamat tail-slaps Tiamat but does no damage.
Okay, then.
Press: ? - help, v - describe, . - travel
Here: Tiamat, wielding a +3 glaive of venom and wearing the +4 dragonskin cloak (heavily wounded, very poisoned, ally target)
The floor, spattered with blood.
You hit Tiamat but do no damage.
Tiamat is heavily wounded.
You feel very sick.
Tiamat hits you with a +3 glaive of venom!!
* * * LOW HITPOINT WARNING * * *
You feel more protected from physical attacks.
You are lethally poisoned!
Tiamat tail-slaps you!!
* * * LOW HITPOINT WARNING * * *
Tiamat hits Tiamat but does no damage.
Tiamat completely misses Tiamat.
Tiamat tail-slaps Tiamat but does no damage.
Blink to where?
Press: ? - help, Dir - move target, p - Tiamat
As you read the scroll of blinking, it crumbles to dust.
You die...

##'dd○'## #..#.##....... ##)§)##
#...^......... ##'...'##
#..#.....#.... ##.°'#'°.##
#..#....####.. # ##...###...##
##..#.......... # ##...##
##...## #...#.......... ###[..##
##...###..##.......... .#...##
##...#...#..........# ....##
##.@...##..........# ...##
##....#...........# ...:###
###....##....#.##..##
#.....#######.....##...(.#.#####
###.............###..........#
..###.........###...........##
....#####)#####.............#
............)....#.........##
........(..................#


There were no monsters in sight!

Vanquished Creatures
  A dread lich (Vaults:5)
  An ancient lich (Vaults:5)
  An orb of fire (Depths:4)
  Vv (Depths:2)
  Frederick (Vaults:2)
  Saint Roka (Vaults:4)
  3 golden dragons (Depths:4)
  A walking crystal tome (Depths:4)
  2 doom hounds (Depths:2)
  4 tentacled monstrosities
  A deep elf master archer (Elf:3)
  3 deep elf blademasters
  Grunn (Depths:2)
  3 quicksilver dragons
  7 liches
  7 titans
  A death cob (Depths:4)
  3 sphinxes
  4 shadow dragons (Vaults:5)
  4 tengu reavers
  7 storm dragons
  Roxanne (D:14)
  A revenant (Vaults:2)
  2 draconian scorchers (Depths:4)
  Donald (Elf:3)
  5 fire giants
  10 deep elf sorcerers
  3 emperor scorpions
  16 vault wardens
  Aizul (Elf:3)
  4 ghost moths (Spider:4)
  An iron dragon (Vaults:5)
  6 frost giants
  Louise (Elf:3)
  2 draconian stormcallers (Depths:4)
  16 ironbound preservers
  3 deep elf elementalists (Elf:3)
  5 war gargoyles
  An orc warlord (Orc:2)
  17 very ugly things
  A broodmother (Spider:3)
  2 black draconians (Depths:4)
  22 stone giants
  A green draconian (Depths:4)
  The ghost of patfeehan111222 the Basher, a journeyman MiBe of Trog (Lair:2)
  The ghost of BillyBaka the Basher, a journeyman MiFi of Okawaru (Lair:5)
  7 ironbound thunderhulks
  5 deep elf demonologists
  3 vampire knights
  3 eleionomae
  Nessos (D:12)
  11 dire elephants (Vaults:1)
  The ghost of lotum the Brawler, a journeyman TrMo of Ru (Lair:2)
  6 deep elf annihilators
  A yellow draconian (Depths:4)
  Azrael (D:14)
  3 bunyips
  4 red draconians
  3 white draconians
  12 ettins
  11 spark wasps
  2 crystal guardians
  Snorg (Orc:1)
  9 fire dragons
  15 yaktaur captains
  36 vault guards
  2 deep elf high priests (Elf:3)
  3 jiangshi (Depths:2)
  5 deep elf death magi (Elf:3)
  A shambling mangrove (Swamp:4)
  5 great orbs of eyes
  The ghost of bande the Cleaver, a journeyman GrFi of Okawaru (Lair:1)
  5 entropy weavers
  29 hydras
  10 ice dragons
  A merfolk avatar (Lair:5)
  2 spriggan air magi
  10 ironbound frosthearts
  2 rakshasas
  Harold (Lair:1)
  A catoblepas (D:15)
  4 peacekeepers
  8 centaur warriors
  3 radroaches
  2 jorogumos
  6 alligators
  4 ogre magi
  Erica (D:8)
  7 boulder beetles
  A two-headed ogre (shapeshifter) (Vaults:5)
  A death knight (D:14)
  4 two-headed ogres
  22 dancing weapons
  2 deep troll shamans
  6 deep troll earth magi
  2 vampire magi
  8 tengu warriors
  13 death yaks
  4 spriggan berserkers
  2 sun demons
  Sonja (D:11)
  An orc high priest (Elf:2)
  Urug (D:12)
  10 hell knights
  A soul eater (Depths:2)
  14 deep elf knights
  A skyshark (shapeshifter) (Vaults:4)
  2 skysharks
  Nergalle (Orc:2)
  5 iron trolls
  2 spark wasp zombies (Depths:2)
  A sun moth (Spider:1)
  7 pharaoh ants
  3 goliath frogs
  8 orb spiders
  2 glowing orange brains
  Lodul (D:10)
  A spriggan druid (Swamp:3)
  11 swamp dragons
  8 lindwurms
  12 deep elf archers
  63 deep trolls
  5 phantasmal warriors
  4 wizards
  An orange crystal statue (Depths:1)
  A bog body (Swamp:4)
  7 orc knights
  8 harpies
  8 necromancers
  12 ironbound convokers
  19 deep elf zephyrmancers
  21 wolf spiders
  9 orc sorcerers
  A steelbarb worm (Spider:2)
  A sphinx zombie (Depths:2)
  Pikel (D:8)
  31 deep elf pyromancers
  39 ugly things
  4 cyclopes
  An oklob plant (Lair:1)
  A wolf spider (shapeshifter) (Vaults:5)
  A fire giant zombie (Depths:2)
  A moth of wrath (shapeshifter) (Vaults:5)
  6 will-o-the-wisps
  8 manticores
  A frost giant skeleton (Depths:1)
  2 cyclopes (shapeshifter)
  2 moths of wrath (Depths:4)
  A black mamba (Lair:4)
  A rust devil (Depths:2)
  21 elephants
  15 vault sentinels
  8 torpor snails
  17 demonic crawlers
  A smoke demon (Depths:2)
  5 cane toads
  2 rime drakes
  A komodo dragon (shapeshifter) (Depths:3)
  2 orange demons (Depths:2)
  An efreet (D:13)
  A yaktaur (shapeshifter) (D:15)
  26 yaktaurs
  A tormentor (Depths:2)
  11 komodo dragons
  9 trolls
  2 freezing wraiths (Vaults:4)
  2 red devils (Depths:2)
  An ice devil (Depths:2)
  19 hornets
  9 tengu conjurers
  A merfolk (D:11)
  A troll (shapeshifter) (Elf:1)
  6 polar bears
  6 meliai
  A bloated husk (Swamp:1)
  A hellwing (Depths:2)
  A meliai (shapeshifter) (Depths:4)
  A queen bee (Lair:4)
  11 tyrant leeches
  36 tarantellas
  A snapping turtle (Lair:5)
  11 blink frogs
  A frost giant simulacrum (Depths:1)
  9 dream sheep
  A fire giant simulacrum (Depths:2)
  24 jumping spiders
  A spriggan (shapeshifter) (Vaults:4)
  3 shadows
  A spriggan skeleton (Depths:1)
  34 culicivoras
  21 slime creatures
  A yak (shapeshifter) (Vaults:5)
  2 wraiths (Vaults:2)
  7 spriggans
  5 water elementals
  53 yaks
  Eustachio (D:5)
  7 fire bats (Volcano)
  A hog (shapeshifter) (Vaults:5)
  8 wyverns
  2 basilisks
  A human (D:12)
  A neqoxec (Depths:2)
  4 fire elementals
  74 redbacks
  2 steam dragons (Lair:4)
  13 vampire mosquitoes
  4 wargs
  4 hell hounds (D:14)
  11 water moccasins
  9 swamp worms
  2 acid dragons
  32 orc warriors
  An ice beast (D:5)
  2 sky beasts (D:7)
  8 black bears
  7 swamp drakes
  A spriggan simulacrum (Depths:1)
  12 ogres
  A centaur (shapeshifter) (Depths:3)
  14 centaurs
  4 lemures (D:7)
  6 kobold brigands
  15 bullfrogs
  2 earth elementals (Elf:3)
  3 gnoll sergeants
  2 scorpions (D:4)
  A necrophage (D:8)
  9 wights
  27 killer bees
  11 electric eels
  10 howler monkeys
  7 lava snakes (Volcano)
  A crimson imp (D:12)
  3 hounds
  2 gnoll boudas
  5 jellies
  19 orc priests
  4 iguanas
  Jessica (D:3)
  36 orc wizards
  6 adders
  12 gnolls
  A shadow imp (D:7)
  2 white imps (D:7)
  2 ufetubi
  2 dart slugs
  109 orcs
  4 ball pythons
  8 bats
  4 endoplasms
  2 giant cockroaches
  6 goblins
  7 hobgoblins
  4 jackals
  2 quokkas
  3 frilled lizards
  9 kobolds
  6 rats
  3 bushes (Lair:1)
  A butterfly (Lair:3)
1824 creatures vanquished.

Vanquished Creatures (collateral kills)
  the Lernaean hydra (Swamp:4)
  Nikola (Depths:2)
  Jorgrun (D:14)
  A titan (Vaults:5)
  Agnes (D:15)
  An ice dragon (Depths:2)
  A vault guard (Vaults:4)
  A hydra (Swamp:4)
  The ghost of relicbr the Nimble, a journeyman SpDe of Wu Jian (Lair:2)
  2 deep elf archers (Elf:1)
  An ironbound convoker (Vaults:4)
  2 deep elf zephyrmancers (Elf:2)
  2 ugly things (D:15)
  2 vault sentinels (Vaults:4)
  A fire elemental (Elf:1)
  3 orc warriors (Vaults:4)
  A swamp drake (Swamp:4)
  6 orcs
29 creatures vanquished.

Vanquished Creatures (others)
  A lich (Vaults:5)
  An ogre mage (Orc:2)
  A deep troll earth mage (Vaults:5)
  A deep elf knight (Elf:1)
  2 deep elf zephyrmancers (Elf:1)
  A merfolk (D:12)
  4 bloated husks
  A tyrant leech (Swamp:1)
  A vampire mosquito (Swamp:1)
  A swamp worm (Swamp:1)
  An ogre (Elf:2)
  An orc (Vaults:5)
  23 foxfires
  23 fungi
  108 plants
  2 withered plants (Lair:5)
172 creatures vanquished.

Grand Total: 2025 creatures vanquished

Notes
Turn   | Place    | Note
-------+----------+-------------------------------------------
     0 | D:1      | jlumianski the Demonspawn Fighter began the quest for the
                  | Orb.
     0 | D:1      | Reached XP level 1. HP: 18/18 MP: 1/1
    18 | D:1      | Upgraded the game from 0.30-a0-808-g6e0788376e to
                  | 0.30-a0-824-g6c64550be9
   102 | D:1      | Found a faded altar of an unknown god.
   293 | D:1      | Gained mutation: When seriously injured, your blood forms
                  | armour. (AC +9) [demonic ancestry]
   293 | D:1      | Reached XP level 2. HP: 24/24 MP: 2/2
  1193 | D:2      | Gained mutation: You regenerate a little health from kills.
                  | [demonic ancestry]
  1193 | D:2      | Reached XP level 3. HP: 29/29 MP: 3/3
  1362 | D:2      | Found Unlug's Book Emporium.
  1789 | D:3      | Found Hokug Tya's Jewellery Shop.
  1814 | D:3      | Found a transporter.
  2041 | D:3      | Noticed Jessica
  2043 | D:3      | Killed Jessica
  2044 | D:3      | Gained mutation: You regenerate health from kills. [demonic
                  | ancestry]
  2044 | D:3      | Reached XP level 4. HP: 35/35 MP: 4/4
  2117 | D:3      | Found a transporter.
  2118 | D:3      | Noticed STHMFLV's ghost (amateur DsEE)
  2584 | D:3      | Gained mutation: You regenerate a lot of health from kills.
                  | [demonic ancestry]
  2584 | D:3      | Reached XP level 5. HP: 37/41 MP: 5/5
  2785 | D:4      | Found a stormy altar of Qazlal.
  2787 | D:4      | Found an opulent altar of Gozag.
  2788 | D:4      | Found a bloodstained altar of Trog.
  2801 | D:4      | Became a worshipper of Qazlal Stormbringer
  2819 | D:4      | Identified 3 scrolls of acquirement
  2819 | D:4      | Acquired 638 gold pieces
  2821 | D:4      | Acquired 640 gold pieces
  2823 | D:4      | Acquired the +2 buckler of Hed Vovof {Regen+ Dex+4}
  2905 | D:3      | Bought a +4 ring of slaying for 858 gold pieces
  2905 | D:3      | Bought a +4 ring of protection for 396 gold pieces
  3002 | D:5      | Entered Level 5 of the Dungeon
  3055 | D:4      | Gained mutation: You are partially covered in sharp spines.
                  | [demonic ancestry]
  3055 | D:4      | Reached XP level 6. HP: 45/47 MP: 6/6
  3112 | D:4      | Reached skill level 1 in Invocations
  3548 | D:5      | Reached skill level 2 in Invocations
  3549 | D:5      | Noticed Eustachio
  3692 | D:5      | Found a broken altar of Ashenzari.
  3692 | D:5      | Noticed a water moccasin
  3701 | D:5      | Killed a water moccasin
  3702 | D:5      | Gained mutation: When seriously injured, your blood forms
                  | thick armour. (AC +9) [demonic ancestry]
  3702 | D:5      | Reached XP level 7. HP: 53/53 MP: 8/8
  3903 | D:5      | Reached skill level 5 in Axes
  3994 | D:5      | Reached skill level 1 in Dodging
  3994 | D:5      | Reached skill level 3 in Invocations
  4253 | D:5      | Killed Eustachio
  4254 | D:5      | Gained mutation: You have a small tail. [demonic ancestry]
  4254 | D:5      | Reached XP level 8. HP: 60/60 MP: 10/10
  4403 | D:5      | Reached skill level 1 in Throwing
  4411 | D:5      | Reached skill level 4 in Invocations
  4500 | D:6      | Identified the +3 helmet "Laifipet" {rN+ Int+2 Slay+3}
  4796 | D:6      | Found a shimmering altar of Xom.
  5065 | D:7      | Reached * piety under Qazlal
  5066 | D:7      | Reached skill level 5 in Armour
  5151 | D:7      | Reached skill level 5 in Invocations
  5178 | D:7      | Found a hide-covered altar of Uskayaw.
  5221 | D:8      | Noticed Erica
  5234 | D:8      | Killed Erica
  5235 | D:8      | Reached skill level 5 in Fighting
  5235 | D:8      | Reached XP level 9. HP: 52/68 MP: 11/13
  5243 | D:8      | Found a flagged portal.
  5252 | Bailey   | Entered a bailey
  5285 | Bailey   | Reached skill level 6 in Invocations
  5551 | Bailey   | Reached skill level 7 in Invocations
  5594 | Bailey   | Acquired 449 gold pieces
  5599 | Bailey   | Noticed an orc knight
  5606 | Bailey   | Reached skill level 5 in Shields
  5614 | Bailey   | Killed an orc knight
  5888 | D:3      | Bought an amulet of regeneration for 330 gold pieces
  6302 | D:7      | Gained mutation: You are mostly covered in sharp spines.
                  | [demonic ancestry]
  6302 | D:7      | Reached XP level 10. HP: 64/74 MP: 15/15
  6345 | D:7      | Found an iron altar of Okawaru.
  6351 | D:7      | Reached ** piety under Qazlal
  6376 | D:7      | Found a staircase to the Ecumenical Temple.
  6475 | D:8      | Reached skill level 8 in Invocations
  6514 | D:8      | Noticed Pikel
  6575 | D:8      | Killed Pikel
  6921 | D:9      | Found the +18 Lear's hauberk
  7088 | D:9      | Reached skill level 9 in Invocations
  7110 | D:10     | Entered Level 10 of the Dungeon
  7129 | D:9      | Noticed a deep elf pyromancer
  7140 | D:9      | Killed a deep elf pyromancer
  7547 | D:9      | Found Kyidol's Distillery.
  7556 | D:9      | Bought 2 potions of might for 120 gold pieces
  7556 | D:9      | Bought a potion of haste for 150 gold pieces
  8067 | D:10     | Reached *** piety under Qazlal
  8185 | D:10     | Reached skill level 10 in Axes
  8309 | D:10     | Noticed Lodul
  8336 | D:10     | Reached XP level 11. HP: 81/81 MP: 18/18
  8341 | D:10     | Killed Lodul
  8395 | D:10     | Found a burning altar of Makhleb.
  8401 | D:10     | Noticed an angel
  8401 | D:10     | Noticed a green death
  8408 | D:10     | Noticed a two-headed ogre
  8413 | D:10     | Killed a two-headed ogre
  8447 | D:10     | Reached skill level 10 in Invocations
  8454 | D:10     | Found a staircase to the Lair.
  8847 | D:10     | Noticed a tengu warrior
  8847 | D:10     | Noticed an orc knight
  8847 | D:10     | Noticed a centaur warrior
  8878 | D:10     | Killed a tengu warrior
  8887 | D:10     | Killed an orc knight
  8888 | D:10     | Killed a centaur warrior
  8890 | D:10     | Noticed a white ugly thing
  8905 | D:10     | Killed a white ugly thing
  8946 | D:10     | Got the Omnibus of Topography
  9440 | D:11     | Noticed Sonja
  9462 | D:11     | Reached **** piety under Qazlal
  9462 | D:11     | Killed Sonja
  9463 | D:11     | Reached skill level 11 in Invocations
  9486 | D:11     | Reached XP level 12. HP: 76/77 MP: 20/20
 10043 | D:11     | Noticed a two-headed ogre
 10051 | D:11     | Killed a two-headed ogre
 10057 | D:11     | Reached ***** piety under Qazlal
 10095 | D:11     | Reached skill level 12 in Invocations
 10151 | D:11     | Identified the +3 leather armour of Resourcefulness
                  | {Regen+}
 10535 | D:11     | Found a snail-covered altar of Cheibriados.
 11074 | Lair:1   | Entered Level 1 of the Lair of Beasts
 11095 | Lair:1   | Found a dark tunnel.
 11221 | Volcano  | Entered a volcano
 11415 | Volcano  | Reached XP level 13. HP: 97/98 MP: 22/22
 11445 | Volcano  | Found a burning altar of Makhleb.
 11473 | Volcano  | Found a burning altar of Makhleb.
 11648 | Lair:1   | Reached skill level 13 in Invocations
 11773 | Lair:1   | Noticed Harold
 11781 | Lair:1   | Killed Harold
 12422 | Lair:2   | Found a hole to the Spider Nest.
 12789 | Lair:2   | Acquired a manual of Shields
 12922 | Lair:2   | Found a runed translucent gate.
 12922 | Lair:2   | Found a runed translucent gate.
 12946 | Lair:2   | Found a runed translucent gate.
 12947 | Lair:2   | Noticed bande's ghost (journeyman GrFi)
 12953 | Lair:2   | Noticed patfeehan111222's ghost (journeyman MiBe)
 12954 | Lair:2   | Noticed relicbr's ghost (journeyman SpDe)
 12954 | Lair:2   | Noticed lotum's ghost (journeyman TrMo)
 12981 | Lair:2   | Reached skill level 1 in Evocations
 12997 | Lair:2   | Found a staircase to the Swamp.
 13184 | Lair:1   | Killed bande's ghost
 13210 | Lair:2   | Killed relicbr's ghost
 13219 | Lair:2   | Killed patfeehan111222's ghost
 13240 | Lair:2   | Killed lotum's ghost
 13241 | Lair:2   | Reached skill level 1 in Long Blades
 13661 | Lair:3   | Reached skill level 14 in Invocations
 14168 | Lair:3   | Gained mutation: You have a tail ending in a sharp stinger.
                  | [demonic ancestry]
 14168 | Lair:3   | Reached XP level 14. HP: 69/108 MP: 24/24
 15044 | Lair:5   | Entered Level 5 of the Lair of Beasts
 15144 | Lair:5   | Reached ****** piety under Qazlal
 15237 | Lair:5   | Reached skill level 10 in Shields
 15256 | Lair:5   | Reached skill level 5 in Evocations
 15289 | Lair:5   | Found a runed translucent door.
 15303 | Lair:5   | Noticed BillyBaka's ghost (journeyman MiFi)
 15306 | Lair:5   | Found a staircase to the Slime Pits.
 15364 | Lair:5   | Killed BillyBaka's ghost
 15377 | Lair:5   | Found a viscous altar of Jiyva.
 15537 | Lair:5   | Reached skill level 15 in Invocations
 15640 | Lair:5   | Identified the +4 ring mail of the Evening {Rampage rCorr
                  | Str+2 SInv}
 16264 | D:12     | Noticed Urug
 16274 | D:12     | Killed Urug
 16408 | D:12     | Noticed Nessos
 16416 | D:12     | Killed Nessos
 16417 | D:12     | Reached XP level 15. HP: 115/115 MP: 26/26
 16518 | D:12     | Reached skill level 15 in Axes
 16784 | D:12     | Upgraded the game from 0.30-a0-824-g6c64550be9 to
                  | 0.30-a0-830-gfe289a77b0
 16814 | D:12     | Found a staircase to the Orcish Mines.
 17057 | D:13     | Identified the amulet "Uckucan" {Spirit rN+ Str+2 Dex+3}
 17704 | D:14     | Reached skill level 10 in Fighting
 17835 | D:14     | Found Usapab's Distillery.
 17842 | D:14     | Noticed Jorgrun
 17844 | D:14     | Bought a potion of heal wounds for 65 gold pieces
 17844 | D:14     | Bought 2 potions of heal wounds for 130 gold pieces
 17850 | D:14     | Killed Jorgrun
 17949 | D:14     | Identified Roxanne's Vellum of the Volcano
 17949 | D:14     | Noticed Roxanne
 18000 | D:14     | Killed Roxanne
 18062 | D:14     | Noticed Azrael
 18071 | D:14     | Killed Azrael
 18351 | D:14     | Found an ornate altar of the Wu Jian Council.
 18458 | D:14     | Found a gate to the Vaults.
 18797 | D:15     | Entered Level 15 of the Dungeon
 18922 | D:15     | Noticed Agnes
 18930 | D:15     | Killed Agnes
 18931 | D:15     | Reached skill level 1 in Maces & Flails
 18931 | D:15     | Reached skill level 16 in Invocations
 18958 | D:15     | Upgraded the game from 0.30-a0-830-gfe289a77b0 to
                  | 0.30-a0-847-g17996783a1
 19201 | D:15     | Found a staircase to the Depths.
 19599 | Orc:1    | Entered Level 1 of the Orcish Mines
 19814 | Orc:2    | Entered Level 2 of the Orcish Mines
 20079 | Orc:2    | Found Sasun's Antique Armour Shop.
 20084 | Orc:2    | Gained mutation: You have a sharp stinger which inflicts
                  | weakening toxins. [demonic ancestry]
 20084 | Orc:2    | Reached XP level 16. HP: 123/123 MP: 28/28
 20136 | Orc:2    | Found an ancient bone altar of Kikubaaqudgha.
 20136 | Orc:2    | Noticed Nergalle
 20148 | Orc:2    | Killed Nergalle
 20151 | Orc:2    | Found Kyvolak's Jewellery Shop.
 20173 | Orc:2    | Found a radiant altar of Vehumet.
 20205 | Orc:2    | Found Areukiw's Magic Scroll Shop.
 20213 | Orc:2    | Paralysed by an orc sorcerer for 4 turns
 20234 | Orc:2    | Found Diasmiell's Magic Scroll Boutique.
 20253 | Orc:2    | Bought a scroll of magic mapping for 97 gold pieces
 20253 | Orc:2    | Bought a scroll of blinking for 97 gold pieces
 20253 | Orc:2    | Bought a scroll of silence for 123 gold pieces
 20253 | Orc:2    | Bought a scroll of enchant weapon for 97 gold pieces
 20458 | Orc:2    | Found a staircase to the Elven Halls.
 20746 | Orc:2    | Bought the necklace of Bloodlust {Fury *Rage Will++ Int-3
                  | Slay+6} for 724 gold pieces
 20746 | Orc:2    | Found the necklace of Bloodlust {Fury *Rage Will++ Int-3
                  | Slay+6}
 20915 | Orc:1    | Noticed Snorg
 20922 | Orc:1    | Killed Snorg
 21229 | Orc:2    | Bought a pair of embroidered boots for 247 gold pieces
 21653 | Swamp:1  | Entered Level 1 of the Swamp
 22392 | Swamp:2  | Identified the ring of Cehak {rC- Will+ Int+5 Dex+6}
 22429 | Swamp:2  | Found a shimmering blue altar of Sif Muna.
 22750 | Swamp:3  | Reached skill level 10 in Armour
 22840 | Swamp:3  | Noticed a tentacled monstrosity
 22860 | Swamp:3  | Killed a tentacled monstrosity
 23135 | Swamp:4  | Entered Level 4 of the Swamp
 23179 | Swamp:4  | Reached skill level 17 in Invocations
 23230 | Swamp:4  | Paralysed by a hornet for 2 turns
 23578 | Swamp:4  | Gained mutation: Your magical and physical power is
                  | slightly enhanced at high health. [demonic ancestry]
 23578 | Swamp:4  | Reached XP level 17. HP: 131/131 MP: 29/29
 23628 | Swamp:4  | Identified the +0 flail of the Six Priests {flame, rF- rN+
                  | Int+3}
 23667 | Swamp:4  | Identified the +3 mace "Jonosip" {drain, rF+ rC- Stlth+}
 23740 | Swamp:4  | Noticed the 27-headed Lernaean hydra
 23876 | Swamp:4  | Killed the 27-headed Lernaean hydra
 23999 | Swamp:4  | Got a decaying rune of Zot
 24426 | Spider:1 | Entered Level 1 of the Spider Nest
 24851 | Spider:2 | Reached skill level 10 in Evocations
 24858 | Spider:2 | Reached skill level 5 in Dodging
 25307 | Spider:2 | Reached skill level 18 in Invocations
 25741 | Spider:4 | Entered Level 4 of the Spider Nest
 26258 | Spider:3 | Identified the +1 ring mail of Conscience {+Inv rN+}
 26456 | Spider:3 | Reached XP level 18. HP: 140/140 MP: 31/31
 26558 | Spider:3 | Acquired a manual of Shields
 27127 | Spider:4 | Reached skill level 15 in Shields
 27350 | Spider:4 | Identified the +1 hat of the Clam {rC+ Int+2}
 27500 | Spider:4 | Got a gossamer rune of Zot
 27967 | Elf:1    | Entered Level 1 of the Elven Halls
 28118 | Elf:1    | Upgraded the game from 0.30-a0-847-g17996783a1 to
                  | 0.30-a0-870-gc5d4c5acee
 29060 | Elf:2    | Found a runed translucent gate.
 29061 | Elf:2    | Found a runed translucent gate.
 29061 | Elf:2    | Found a runed translucent gate.
 29345 | Elf:3    | Entered Level 3 of the Elven Halls
 29450 | Elf:3    | Noticed Donald
 29454 | Elf:3    | Killed Donald
 29550 | Elf:2    | Found Homyat's Antique Weapon Shop.
 29676 | Elf:2    | Reached skill level 19 in Invocations
 29721 | Elf:2    | Reached XP level 19. HP: 54/148 MP: 28/32
 30149 | Elf:3    | Found Togeq's Armour Emporium.
 30287 | Elf:3    | Noticed Aizul
 30293 | Elf:3    | Killed Aizul
 30398 | Elf:3    | Noticed Louise
 30405 | Elf:3    | Killed Louise
 30661 | Elf:3    | Identified the ring "Ystrakka" {Wiz rElec rPois Dex+4}
 31221 | Elf:3    | Identified the ring of Ru's Envy {rF++ rN+ Int+4 Dex-2}
 31286 | Elf:3    | Identified the +11 sling "Dust" {freeze, Int+6 Dex+2}
 31962 | Elf:3    | Identified the +0 pearl dragon scales of the Kraken {rElec
                  | rN+ Will+}
 31967 | Elf:3    | Identified the +8 rapier of the Hummingbird {protect,
                  | Dex+3}
 32498 | Vaults:1 | Entered Level 1 of the Vaults
 33148 | Vaults:2 | Noticed Frederick
 33160 | Vaults:2 | Killed Frederick
 33568 | Vaults:2 | Reached XP level 20. HP: 150/160 MP: 33/33
 33583 | Vaults:2 | Reached skill level 20 in Invocations
 34066 | Vaults:1 | Reached skill level 15 in Fighting
 34809 | Vaults:2 | Found Fuocw's Magic Scroll Shop.
 34816 | Vaults:2 | Bought a scroll of teleportation for 39 gold pieces
 34816 | Vaults:2 | Bought a scroll of blinking for 97 gold pieces
 34816 | Vaults:2 | Bought 3 scrolls of blinking for 292 gold pieces
 34816 | Vaults:2 | Bought a scroll of fear for 52 gold pieces
 34816 | Vaults:2 | Bought a scroll of blinking for 97 gold pieces
 34972 | Vaults:2 | Found a staircase to the Crypt.
 35384 | Vaults:3 | Found Ulofoug's Magic Scroll Shoppe.
 35409 | Vaults:3 | Bought 3 scrolls of magic mapping for 315 gold pieces
 35409 | Vaults:3 | Bought a scroll of enchant weapon for 105 gold pieces
 36393 | Vaults:4 | Noticed Saint Roka
 36417 | Vaults:4 | Killed Saint Roka
 36442 | Vaults:4 | Identified the +0 pair of gloves of the Camelopard {-Cast
                  | rF+ rCorr}
 36705 | Vaults:4 | Reached XP level 21. HP: 173/173 MP: 35/35
 37575 | Vaults:5 | Entered Level 5 of the Vaults
 37965 | Vaults:4 | Reached skill level 21 in Invocations
 38286 | Vaults:5 | Noticed a dread lich
 38295 | Vaults:5 | Killed a dread lich
 38380 | Vaults:5 | Found the +8 longbow "Zephyr" {speed, Dex+3 SInv}
 38394 | Vaults:5 | Noticed an ancient lich
 38413 | Vaults:5 | Killed an ancient lich
 38678 | Vaults:5 | Reached XP level 22. HP: 169/185 MP: 36/36
 39692 | Vaults:5 | Got a silver rune of Zot
 39875 | Vaults:5 | Found Hadal's Distillery.
 39880 | Vaults:5 | Bought 2 potions of mutation for 208 gold pieces
 39880 | Vaults:5 | Bought 3 potions of heal wounds for 195 gold pieces
 39880 | Vaults:5 | Bought a potion of heal wounds for 65 gold pieces
 39887 | Vaults:5 | Found Ycsymm's Magic Scroll Shoppe.
 39901 | Vaults:5 | Found Quroreif's Magic Scroll Boutique.
 40014 | Vaults:5 | Bought a scroll of acquirement for 676 gold pieces
 40014 | Vaults:5 | Bought a scroll of enchant armour for 97 gold pieces
 40014 | Vaults:5 | Bought a scroll of enchant weapon for 97 gold pieces
 40017 | Vaults:5 | Acquired 988 gold pieces
 40147 | Vaults:5 | Identified the amulet of Qapor {RegenMP rF+}
 40159 | Vaults:5 | Identified the +8 morningstar of Glory {spect, rC+ rCorr
                  | Int+2}
 40365 | Vaults:5 | Identified the +3 great sword of Truncation {heavy, rElec
                  | Str+2 Int+3}
 41109 | Depths:1 | Entered Level 1 of the Depths
 41143 | Depths:1 | Identified the +1 leather armour of Bad Feelings {Harm rC+
                  | Dex-2}
 41823 | Depths:1 | Found a gateway to Hell.
 42311 | Depths:2 | Noticed Grunn
 42320 | Depths:2 | Killed Grunn
 42526 | Depths:2 | Found a one-way gate to the infinite horrors of the Abyss.
 42602 | Depths:2 | Noticed Vv
 42616 | Depths:2 | Killed Vv
 42697 | Depths:2 | Reached skill level 22 in Invocations
 42739 | Depths:2 | Acquired 605 gold pieces
 42741 | Depths:2 | Noticed Nikola
 42748 | Depths:2 | Killed Nikola
 43170 | Depths:2 | Found a one-way gate leading to the halls of Pandemonium.
 44638 | Depths:3 | Found a one-way gateway to a ziggurat.
 44829 | Depths:3 | Found Vuqoxkidamo's Jewellery Shop.
 44862 | Depths:3 | Bought a +4 ring of slaying for 1404 gold pieces
 44862 | Depths:3 | Bought a ring of resist corrosion for 360 gold pieces
 44880 | Depths:3 | Found Timuxol's Distillery.
 44892 | Depths:3 | Found Utorphun's Jewellery Emporium.
 44897 | Depths:3 | Bought a potion of heal wounds for 85 gold pieces
 45061 | Depths:3 | Gained mutation: Your magical and physical power is
                  | enhanced at high health. [demonic ancestry]
 45061 | Depths:3 | Reached XP level 23. HP: 197/197 MP: 38/38
 45078 | Depths:3 | You fall into a shaft and drop 1 floor!
 45078 | Depths:4 | Entered Level 4 of the Depths
 45110 | Depths:4 | Reached skill level 15 in Evocations
 45140 | Depths:4 | HP: 9/198 [fire dragon/blast of flame (32)]
 45226 | Depths:3 | Upgraded the game from 0.30-a0-870-gc5d4c5acee to
                  | 0.30-a0-879-ga8ba668304
 45662 | Depths:4 | Found Qedwum's Jewellery Emporium.
 45662 | Depths:4 | Found Qeife's Book Boutique.
 45663 | Depths:4 | Found Luocaex's Book Boutique.
 45682 | Depths:4 | Bought the ring of Truth {rPois rC+ Will+ Int+3 SInv} for
                  | 751 gold pieces
 45682 | Depths:4 | Bought the ring of Ehiur {Fly Stlth+} for 409 gold pieces
 46565 | Depths:4 | Found a gate to the Realm of Zot.
 46969 | Zot:1    | Entered Level 1 of the Realm of Zot
 46975 | Zot:1    | Noticed an orb of fire
 47023 | Depths:4 | Killed an orb of fire
 47146 | Zot:1    | Found the +4 dragonskin cloak
 47146 | Zot:1    | Noticed Tiamat
 47179 | Depths:4 | HP: 4/200 [Tiamat/+3 glaive of venom (26)]
 47180 | Depths:4 | Succumbed to Tiamat's poison

Illustrated notes

Levels and vault maps discovered:
D:1:      dpeg_arrival_brainrot, layout_loops_corners,
          hellmonk_ecumenical_altar_heavens_door, chequers_serial_rivers_micro_b
D:2:      layout_basic, serial_shops, shop
D:3:      layout_basic, gammafunk_ghost_mausoleum, serial_shops,
          nicolae_lakefront_shop, minmay_misc_feat_iff, uniq_jessica
D:4:      layout_basic, gammafunk_temple_overflow_forgotten,
          minmay_fractal_squares_diagonal_5
D:5:      layout_loops_cross, ashenzari_conservatory_becter, uniq_eustachio
D:6:      layout_cave_pods, kennysheep_mini
D:7:      layout_basic, temple_green, hangedman_feature_mirror, abandoned_shop,
          columned_hall_lemuel, grunt_decor_cap, moated_statue
D:8:      layout_cave_pools, enter_bailey_8, chequers_garden, uniq_pikel,
          uniq_erica
D:9:      cheibrodos_helix_gallery, layout_stronghold, serial_shops, shop
D:10:     minmay_the_grid_triangle_9x9_rhombus_thin
          [minmay_the_grid_triangle_9x9_intruding_spiral,
          minmay_the_grid_triangle_9x9_prize_insulated,
          minmay_the_grid_triangle_9x9_wacky_v,
          minmay_the_grid_triangle_9x9_zippers_vertical], layout_basic,
          grunt_temple_overflow_order_and_chaos_2, lair_entry_dummy,
          minivault_27, corexii_corridor_pit, blue_anna_alchemist, uniq_lodul
D:11:     kennysheep_town, uniq_sonja
D:12:     layout_basic, david_orc_5, hangedman_stone_soup, uniq_urug,
          uniq_nessos
D:13:     layout_loops_ring
D:14:     layout_stronghold, david_vaults_5, serial_shops, shop,
          pdpol_wu_jian_five_deadly_venoms, uniq_jorgrun, uniq_azrael,
          uniq_roxanne
D:15:     hangedman_depths_entry_civil_slaughter, layout_cave_pools, uniq_agnes
Lair:1:   layout_hall_layers, nicolae_volcano_entry_two_sided,
          minmay_lair_oklob_bushes, grunt_forest_small_clearing_treed,
          uniq_harold
Lair:2:   layout_chaotic_city, palyth_hydra_swamp_entry,
          spider_nest_entry_web_field, gammafunk_ghost_cemetery, minmay_holes
Lair:3:   layout_roguey, lemuel_fruit_fields
Lair:4:   layout_hall_layers, special_room [special_room_bee],
          guppyfry_lair_drakes, grunt_megastairs_3, infiniplex_staircase_pool
Lair:5:   gammafunk_lair_ancient_temple, layout_regular_city,
          nicolae_slime_entry_field_trip, gammafunk_ghost_grave,
          serial_bayou_pond_e, gammafunk_lair_bear_cave
Swamp:1:  layout_falls_marsh, nicolae_swamp_trees_clearing, swamp_pool4
Swamp:2:  layout_basic_swamp, nicolae_swamp_godswood
Swamp:3:  layout_falls_marsh, evilmike_swamp_ruin_house_3, swamp_pool1
Swamp:4:  swamp_old_school, layout_basic_swamp
Spider:1: layout_spider_delve
Spider:2: layout_spider_delve, worms_lemuel
Spider:3: layout_spider_delve, spiders_nest_hornet_nest
Spider:4: spider_rune_water, einodemon_crawler_minivault
Orc:1:    layout_caves, basic_altar, mines2_david, uniq_snorg
Orc:2:    kennysheep_orc_mage_school, layout_caves
Elf:1:    eino_elf_arrival_customs, layout_geoelf_diagonals, minivault_28
Elf:2:    nicolae_elf_blades_crystal_corner, layout_loops_corners, serial_shops,
          shop, lemuel_flamethrower_3
Elf:3:    minmay_elf_hall_dome, layout_onion_city, serial_shops, shop,
          uniq_donald, uniq_louise, uniq_aizul
Vaults:1: v_misc_18, v_misc_24, ontoclasm_vaults_pinch, v_misc_3,
          nicolae_vaults_asterisk, nicolae_vaults_network_square,
          nicolae_vaults_big_ls, vaults_mumra_chevron_long, vaults_room_fours,
          grunt_vaults_hallway_long, v_alt_pattern_2,
          ontoclasm_vaults_decontamination, layout_vaults_big_cross
Vaults:2: mu_enter_wizlab_5, minmay_crypt_entry_simple_round,
          ontoclasm_vaults_ligature, vaults_room_pools, v_rooms_1, v_misc_3,
          v_misc_12, vaults_room_door_ring, ontoclasm_vaults_fault,
          vaults_room_fours, layout_vaults_quadrants, serial_shops,
          nicolae_shop_stone, uniq_frederick
Vaults:3: nicolae_vaults_diagonal_hallway_7, nicolae_vaults_network_barrier,
          v_misc_16, nicolae_vaults_gold_heap, nicolae_vaults_circle_grid_a,
          vaults_dpeg_encased_lava, vaults_room_guarded_vault,
          nicolae_vaults_yaktaur_gun_rack, v_alt_pattern_6,
          ontoclasm_vaults_ring_square, ontoclasm_vaults_spin,
          layout_vaults_omnibox, serial_shops, nicolae_diamond_shop
Vaults:4: nicolae_vaults_three_branches, v_rooms_5, nicolae_vaults_meeting,
          vaults_mumra_hex, v_misc_26, grunt_vaults_diagonal, v_misc_8,
          layout_vaults_chaotic_city, uniq_saint_roka
Vaults:5
Depths:1: layout_honeycomb, minmay_crystal_room, pf_hell_entry_tar_spiral,
          minmay_protected_statue
Depths:2: hellmonk_crumbling_castle, layout_gridlike, grunt_pan_entry_sceptre,
          abyss_entry, grunt_hell_entry_dis_old, good_gods_mini_temple,
          uniq_nikola, uniq_vv, uniq_grunn
Depths:3: grunt_deathspiral_small, layout_gridlike, enter_ziggurat_b,
          abyss_entry, hell_entry, chequers_jeans, serial_shops, shop,
          minmay_shop_star
Depths:4: grunt_x_marks_the_spot, layout_cave_pools, hangedman_geh_valley,
          dk_noncrumbling_4, minmay_shop_grove
Zot:1:    layout_cathedral_of_symmetry, st_stairs_12, uniq_tiamat

Skill      XL: |  1  2  3  4  5  6  7  8  9 10 11 12 13 14 15 16 17 18 19 20 21 22 23 |
---------------+----------------------------------------------------------------------+-----
Armour         | 3 4 5 6 7 8 9 10 11 12 13 | 13.9
Shields        | 3 4 5 6 7 9 10 12 14 16 17 18 19 20 | 20.5
Axes           | 2 3 4 5 7 8 10 11 12 13 14 15 16 17 18 | 18.1
Invocations    | 2 3 5 7 9 11 12 14 15 16 17 18 19 20 21 22 | 22.6
Fighting       | 4 5 6 7 8 9 10 11 12 14 16 18 20 21 | 21.1
Dodging        | 1 2 3 4 5 6 |  6.6
Throwing       | 1 2 |  2.0
Evocations     | 3 5 7 9 10 11 12 13 14 15 | 15.5
Long Blades    | 2 |  2.5
Maces & Flails | 1 2 3 |  3.1
Stealth        | |  0.6

Action                     |  1- 3 |  4- 6 |  7- 9 | 10-12 | 13-15 | 16-18 | 19-21 | 22-24 || total
---------------------------+-------+-------+-------+-------+-------+-------+-------+-------++-------
  Melee: War axe           |    97 |   158 |   140 |       |       |       |       |       ||   395
         Tailslap          |       |       |    18 |    64 |   162 |   156 |   216 |   169 ||   785
         Broad axe         |       |       |    12 |   400 |   755 |   792 |   836 |   658 ||  3453
         Scimitar          |       |       |       |       |    35 |       |       |       ||    35
         Eveningstar       |       |       |       |       |     8 |    62 |       |       ||    70
  Throw: Stone             |     1 |     6 |       |       |       |       |       |       ||     7
         Dart              |       |     4 |     5 |     5 |       |       |       |       ||    14
         Boomerang         |       |       |       |       |       |    10 |       |     5 ||    15
 Invoke: Upheaval          |       |       |       |     3 |       |       |     3 |     1 ||     7
         Elemental Force   |       |       |       |       |     6 |     5 |     5 |     3 ||    19
         Disaster Area     |       |       |       |       |       |       |       |     1 ||     1
  Evoke: Wand              |       |       |     2 |       |       |     1 |       |     1 ||     4
         Phantom mirror    |       |       |       |       |       |     1 |     1 |     2 ||     4
         Tin of tremorston |       |       |       |       |       |       |     3 |     1 ||     4
         Condenser vane    |       |       |       |       |       |       |       |     1 ||     1
    Use: Scroll            |       |    13 |     6 |     8 |     8 |     3 |     2 |    11 ||    51
         Potion            |       |     4 |       |     4 |     2 |     1 |     2 |     6 ||    19
   Stab: Paralysed         |       |       |       |       |     5 |     2 |     8 |       ||    15
         Distracted        |       |       |       |       |     1 |     1 |     2 |       ||     4
 Armour: Scale mail        |    40 |       |       |       |       |       |       |       ||    40
         Chain mail        |    28 |   104 |    37 |   246 |   489 |   745 |   405 |   359 ||  2413
         Plate armour      |       |       |    67 |    28 |       |       |       |       ||    95
  Dodge: Dodged            |    37 |    59 |    52 |   153 |   278 |   391 |   252 |   208 ||  1430
         Repelled          |       |       |       |     5 |     9 |    13 |    10 |     8 ||    45
  Block: Buckler           |    31 |    49 |   110 |   317 |   732 |   994 |   745 |   540 ||  3518

Table legend: (Time is in decaauts)
 A = Elapsed time spent in this place.
 B = Non-inter-level travel time spent in this place.
 C = Inter-level travel time spent in this place.
 D = Time resting spent in this place.
 E = Time spent auto-exploring this place.
 F = Levels seen in this place.
 G = Mean time per level.
                   A        B        C        D        E       F      G
               +--------+--------+--------+--------+--------+-----+--------+
         Total |  49076 |  43190 |   5886 |   1226 |  23412 |  45 | 1090.6 |
       Dungeon |  16856 |  13259 |   3597 |     38 |   8113 |  15 | 1123.7 |
          Lair |   5089 |   4637 |    452 |     53 |   2876 |   5 | 1017.8 |
         Swamp |   3079 |   2887 |    192 |     71 |   1653 |   4 |  769.8 |
   Spider Nest |   3531 |   3439 |     92 |     81 |   2051 |   4 |  882.8 |
  Orcish Mines |   1969 |   1787 |    182 |      0 |    755 |   2 |  984.5 |
   Elven Halls |   4094 |   3699 |    395 |     45 |   1549 |   3 | 1364.7 |
        Vaults |   8253 |   7686 |    567 |    545 |   3658 |   5 | 1650.6 |
        Depths |   5457 |   5052 |    405 |    393 |   2635 |   4 | 1364.2 |
           Zot |     40 |     40 |      0 |      0 |      0 |   1 |   40.0 |
        Bailey |    392 |    392 |      0 |      0 |     64 |   1 |  392.0 |
       Volcano |    309 |    309 |      0 |      0 |     55 |   1 |  309.0 |
               +--------+--------+--------+--------+--------+-----+--------+

Top non-repeatable levels by time:
    D:11: 2277 daAuts
    D:10: 2249 daAuts
Vaults:4: 2102 daAuts
Depths:2: 1972 daAuts
Vaults:5: 1752 daAuts
Vaults:1: 1636 daAuts
   Elf:3: 1608 daAuts
Vaults:2: 1547 daAuts
    D:14: 1482 daAuts
   Orc:2: 1460 daAuts
Spider:4: 1300 daAuts
  Lair:1: 1259 daAuts
   Elf:2: 1247 daAuts
   Elf:1: 1238 daAuts
    D:12: 1221 daAuts
